 Dungeon Crawl Stone Soup version 0.23.2-1-ga50397a (webtiles) character file.

Game seed: 16391076312397735678

490 dvd the Grave Robber (level 6, -1/42 HPs)
             Began as a Mummy Necromancer on May 2, 2019.
             Was a Follower of Okawaru.
             Slain by a killer bee (6 damage)
             ... on level 4 of the Dungeon.
             The game lasted 00:09:38 (3814 turns).

dvd the Grave Robber (Mummy Necromancer)            Turns: 3814, Time: 00:09:40

Health: -1/42      AC:  3    Str: 13    XL:     6   Next: 90%
Magic:  1/14       EV: 12    Int: 14    God:    Okawaru [*.....]
Gold:   139        SH:  3    Dex: 13    Spells: 8/16 levels left

rFire    x . .     SeeInvis .   a - +1 flail (protect)
rCold    + . .     Gourm    .   (no shield)
rNeg     + + +     Faith    .   d - +0 leather armour
rPois    ∞         Spirit   .   (no helmet)
rElec    .         Reflect  +   (no cloak)
rCorr    .         Harm     .   (no gloves)
MR       .....                  (no boots)
Stlth    ++........             b - +3 amulet of reflection
HPRegen  0.14/turn              (no ring)
MPRegen  0.14/turn              (no ring)

@: no status effects
A: no food or potions, fire vulnerability, cold resistance 1, negative energy
resistance 3, torment resistance, unbreathing
a: Heroism, Renounce Religion


You were on level 4 of the Dungeon.
You worshipped Okawaru.
Okawaru was aware of your devotion.
You were not hungry.

You visited 1 branch of the dungeon, and saw 4 of its levels.
You also visited: Sewer.

You collected 139 gold pieces.

Inventory:

Hand Weapons
 a - a +1 flail of protection (weapon)
 f - a +0 dagger
Armour
 c - a +0 ring mail
 d - a +0 leather armour (worn)
 j - a +0 ring mail
 l - a +0 robe
Jewellery
 b - a +3 amulet of reflection (around neck)
Wands
 n - a wand of digging (6)
Scrolls
 e - 2 scrolls of teleportation {unknown}
 g - a scroll of amnesia {unknown}
 h - 2 scrolls of remove curse {unknown}
 i - 5 scrolls of identify {unknown}
 k - 2 scrolls of enchant armour {unknown}
 m - a scroll of fog {unknown}
 o - a scroll of enchant weapon {unknown}


   Skills:
 + Level 0.9 Fighting
 + Level 1.3 Maces & Flails
 + Level 1.0 Armour
 + Level 2.2 Dodging
 + Level 2.0 Stealth
 + Level 5.7 Spellcasting
 + Level 6.0 Necromancy


You had 8 spell levels left.
You knew the following spells:

 Your Spells              Type           Power        Failure   Level  Hunger
a - Pain                  Necr           ###.         1%          1    N/A
b - Vampiric Draining     Necr           ###.......   5%          3    N/A
c - Animate Dead          Necr           N/A          17%         4    N/A

Your spell library contained the following spells:

 Spells                   Type           Power        Failure   Level  Hunger
 Animate Skeleton         Necr           N/A          1%          1    N/A
 Confusing Touch          Hex            #.....       21%         1    N/A
 Corona                   Hex            #......      21%         1    N/A
 Regeneration             Chrm/Necr      Unusable     N/A         3    N/A

Dungeon Overview and Level Annotations

Branches:
Dungeon (4/15)
 Temple: D:4-7

Altars:
Nemelex Xobeh
Okawaru
Ru


Innate Abilities, Weirdness & Mutations

You do not eat or drink.
Your flesh is vulnerable to fire.
You are immune to poison.
Your flesh is cold resistant. (rC+)
You are immune to negative energy. (rN+++)
You are immune to unholy pain and torment.
You can survive without breathing.


Message History

The killer bee closely misses you.
Your worker ant zombie completely misses the killer bee.
The killer bee barely misses you.
Your gnoll zombie misses the killer bee.
Your worker ant zombie misses the killer bee.
You barely miss the killer bee.
The killer bee is heavily wounded.
The killer bee closely misses you. x2; Your gnoll zombie hits the killer bee.
The killer bee stings you!
* * * LOW HITPOINT WARNING * * *
Your worker ant zombie completely misses the killer bee.
Your gnoll zombie misses the killer bee.
You barely miss the killer bee.
The killer bee is heavily wounded.
The killer bee closely misses you. The killer bee stings you.
* * * LOW HITPOINT WARNING * * *
Your gnoll zombie barely misses the killer bee.
Your worker ant zombie misses the killer bee.
The killer bee stings you.
You die...

.........(#...... ..
#...#.##.#)##.#.#....
#. # #..#<.!.....#
#.. #.##..#Z#.#.#
#... #.##..#.#
#....##.##..#.#
.........Z(.#.#
.#...#.###.#.# ###
#.###@#%#
###.#...#y#.#
#......##y#.###
#.......ZZZ...#.#
#.......)........
#.............#.#
#.............#
...............#
.#...........<.#


You could see 2 killer bees, a friendly worker ant zombie and 2 friendly gnoll
zombies.

Vanquished Creatures
  A big kobold (Sewer)
  A killer bee (D:4)
  2 orc priests (D:3)
  A gnoll shaman (D:4)
  Jessica (D:2)
  2 orc wizards
  A worker ant (D:4)
  3 gnolls (D:4)
  5 adders
  2 oozes
  An adder skeleton (D:4)
  2 worms
  2 dart slugs
  5 leopard geckos
  8 orcs
  8 bats
  8 giant cockroaches
  4 goblins
  6 hobgoblins
  A jackal (D:3)
  4 quokkas
  5 ball pythons
  10 frilled lizards
  16 kobolds
  13 rats
112 creatures vanquished.

Notes
Turn   | Place    | Note
-------+----------+-------------------------------------------
     0 | D:1      | dvd the Mummy Necromancer began the quest for the Orb.
     0 | D:1      | Reached XP level 1. HP: 13/13 MP: 4/4
   369 | D:1      | Reached XP level 2. HP: 19/19 MP: 1/5
  1173 | D:2      | Found an iron altar of Okawaru.
  1184 | D:2      | Became a worshipper of Warmaster Okawaru
  1218 | D:2      | Reached XP level 3. HP: 24/24 MP: 3/7
  1859 | D:2      | Learned a level 3 spell: Vampiric Draining
  2098 | D:2      | Noticed Jessica
  2107 | D:2      | Killed Jessica
  2107 | D:2      | Reached XP level 4. HP: 30/30 MP: 0/10
  2118 | D:2      | Identified Jessica's Volume of the Nine Realms
  2254 | D:3      | Reached skill level 5 in Necromancy
  2410 | D:3      | Reached XP level 5. HP: 31/35 MP: 4/12
  2455 | D:3      | Found a sacrificial altar of Ru.
  2545 | D:3      | Learned a level 4 spell: Animate Dead
  2679 | D:3      | Reached * piety under Okawaru
  2709 | D:3      | Found a glowing drain.
  2715 | D:3      | Reached skill level 5 in Spellcasting
  2720 | Sewer    | Entered a sewer
  3028 | Sewer    | Reached XP level 6. HP: 32/41 MP: 1/14
  3274 | D:3      | Found a sparkling altar of Nemelex Xobeh.
  3633 | D:4      | Reached skill level 1 in Maces & Flails
  3811 | D:4      | Reached skill level 1 in Armour
  3811 | D:4      | Reached skill level 6 in Necromancy
  3814 | D:4      | Slain by a killer bee

Skill      XL: |  1  2  3  4  5  6 |
---------------+-------------------+-----
Spellcasting   | 3 4 5 |  5.7
Dodging        | 2 |  2.2
Necromancy     | 5 6 |  6.0
Maces & Flails | 1 |  1.3
Stealth        | 2 |  2.0
Armour         | 1 |  1.0
Fighting       | |  0.9

Action                   |  1- 3 |  4- 6 || total
-------------------------+-------+-------++-------
Melee: Dagger            |    10 |     1 ||    11
       Flail             |       |   107 ||   107
 Cast: Pain              |    98 |   100 ||   198
       Vampiric Draining |       |    11 ||    11
       Animate Dead      |       |     1 ||     1
 Stab: Sleeping          |       |     2 ||     2
       Paralysed         |       |     1 ||     1
Armor: Robe              |     4 |       ||     4
       Leather armour    |     2 |    47 ||    49
Dodge: Dodged            |    25 |   104 ||   129
Block: Other             |     1 |    18 ||    19
